 Dungeon Crawl Stone Soup version 0.17-a0-1951-g62301d3 (webtiles) character file.

140 Roadrunner the Chopper (level 5, -1/50 HPs)
             Began as a Troll Warper on Oct 2, 2015.
             Slain by a gnoll
             ... wielding a cursed -3 spear
              (6 damage)
             ... on level 3 of the Dungeon.
             The game lasted 00:08:02 (532 turns).

Roadrunner the Chopper (Troll Warper)                Turns: 532, Time: 00:08:02

Health: -1/50      AC:  5    Str: 19    XL:     5   Next: 2%
Magic:  5/5        EV: 10    Int:  9    God:
Gold:   69         SH:  0    Dex: 10    Spells: 1 memorised, 5 levels left

rFire  . . .     SeeInvis .     (no weapon)
rCold  . . .     Clarity  .     b - +0 robe
rNeg   . . .     SustAt   .     (no shield)
rPois  .         Gourm    +     (helmet restricted)
rElec  .         Spirit   .     (no cloak)
rCorr  .         Warding  .     (gloves unavailable)
rMut   .         Stasis   .     (boots unavailable)
MR     .....                    (no amulet)
Stlth  +.........               (no ring)
                                (no ring)

@: not resistant to hostile enchantments, very unstealthy
A: unfitting armour, claws 3, fast metabolism 3, gourmand, regeneration 2,
shaggy fur 1, tough skin 2
a: no special abilities


You were on level 3 of the Dungeon.
You were very full.

You visited 1 branch of the dungeon, and saw 3 of its levels.

You collected 69 gold pieces.

Inventory:

Hand weapons
 a - a +0 hand axe
Missiles
 e - 5 tomahawks of dispersal
 h - 3 poisoned tomahawks (quivered)
Armour
 b - a +0 robe (worn)
Scrolls
 d - 3 scrolls of blinking
 g - a scroll of recharging {unknown}
 i - a scroll of random uselessness {unknown}
 k - a scroll of remove curse {unknown}
 m - a scroll of identify {unknown}
Potions
 l - 2 potions of cancellation {unknown}
Books
 c - a book of Spatial Translocations

   Spells                             Type                      Level
   a - Apportation                    Translocation                1
   b - Blink                          Translocation                2
   c - Shroud of Golubria             Charms/Translocation         2
   d - Portal Projectile              Translocation                3
   e - Teleport Other                 Translocation                3
   f - Passage of Golubria            Translocation                4
Comestibles
 f - 2 bread rations
 j - a beef jerky


   Skills:
 + Level 2.6 Fighting
 * Level 3.7 Axes
 - Level 0.8 Throwing
 - Level 1.9 Dodging
 - Level 1.2 Spellcasting
 - Level 2.1 Translocations


You had 5 spell levels left.
You knew the following spells:

 Your Spells              Type           Power        Failure   Level  Hunger
a - Apportation           Tloc           #.........   14%         1    ##.....


Dungeon Overview and Level Annotations

Branches:
Dungeon (3/15)

Altars:


Innate Abilities, Weirdness & Mutations

You are too large for most types of armour.
You have claws for hands.
Your metabolism is lightning-fast.
You like to eat raw meat.
You heal very quickly.
You are covered in fur (AC +1).
You have very tough skin (AC +2).


Message History

You claw the gnoll!
You kill the gnoll!
The gnoll barely misses you. The gnoll hits you with a flail.
You claw the gnoll!
The gnoll is almost dead.
The gnoll hits you from afar with a spear.
* * * LOW HITPOINT WARNING * * *
The gnoll hits you with a flail.
* * * LOW HITPOINT WARNING * * *
You claw the gnoll!
You kill the gnoll!
You have reached level 5!
The gnoll closely misses you. The gnoll hits you with a spear.
* * * LOW HITPOINT WARNING * * *
You see here a flail.
You claw the gnoll!
The gnoll is severely wounded.
The gnoll hits you with a spear.
You die...

#. # ... #.#
#.### ....######
#... ###......
#..# .......g#
#..#
#@#######..#####
#)....).<..[...#
#########..###.##
#).......
##.###.## .# .#
.. ##


You could see a gnoll.

Vanquished Creatures
  Terence (D:2)
  4 adders (D:2)
  3 gnolls (D:3)
  An ooze (D:1)
  2 worms (D:2)
  A giant gecko (D:1)
  2 giant cockroaches
  5 goblins
  6 hobgoblins
  5 kobolds
  2 quokkas (D:2)
  A ball python (D:1)
  4 bats
  4 giant newts (D:2)
  4 rats
45 creatures vanquished.

Notes
Turn   | Place    | Note
--------------------------------------------------------------
     0 | D:1      | Roadrunner the Troll Warper began the quest for the Orb.
     0 | D:1      | Reached XP level 1. HP: 19/19 MP: 1/1
    77 | D:1      | Reached XP level 2. HP: 17/27 MP: 2/2
   197 | D:2      | Reached XP level 3. HP: 21/35 MP: 3/3
   280 | D:2      | Reached skill level 3 in Axes
   346 | D:2      | Reached XP level 4. HP: 27/42 MP: 4/4
   434 | D:2      | Noticed Terence
   462 | D:2      | Killed Terence
   530 | D:3      | Reached XP level 5. HP: 9/50 MP: 5/5
   532 | D:3      | Slain by a gnoll

Vault maps used:
D:1:      dpeg_arrival_arbitrary_b
D:2:      kennysheep_six_static_rooms, old_standard_altar, uniq_natasha,
          uniq_terence
D:3:      uniq_grinder

Action                   |  1- 3 |  4- 6 || total
-------------------------+-------+-------++-------
Melee: Unarmed           |   103 |    84 ||   187
Throw: Tomahawk          |     1 |     1 ||     2
 Cast: Apportation       |       |     1 ||     1
  Eat: Chunk             |     8 |     2 ||    10
